cohdb
Replays
Latest Replays
All Replays
Popular Replays
Top Player Replays
Match Explorer
How It Works
Community
CoH3 Stats
Reddit
Sign in to upload your games and track your stats! →
Sign in with Steam
Match 45114664
Unlisted
Match 45114664
Overview
Messages
Build Orders
End
Royal Engineer Section
Construct Section Command Post
ML 3-inch Mortar Team
Infantry Section
Infantry Section
Construct Platoon Command Post
Construct Field Infirmary
Selects Air and Sea Battlegroup
Selects Supply Surplus
Construct Field Infirmary
Forward Retreat Point
Humber Armored Car
6-pounder Anti-tank Gun Team
Infantry Section
Infantry Section
Infantry Training
JollyRedRockett
mntahoe
CrackSensation
Herr Blautier
TBoR
EPHX_Valkyrion
0
0
Comments
sign in to comment!
No comments posted yet!